 Dungeon Crawl Stone Soup version 0.29.0-4-gdea44cf6ec (webtiles) character file.

Game seed: 8663868741633393688

340 qw the Chopper (level 6, -2/35 HPs)
             Began as a Tengu Warper on Aug 28, 2022.
             Slain by a gnoll
             ... wielding a +0 halberd
              (11 damage)
             ... on level 4 of the Dungeon.
             The game lasted 00:00:25 (4332 turns).

qw the Chopper (Tengu Warper)                       Turns: 4332, Time: 00:00:26

Health: -2/35      AC:  8    Str: 14    XL:     6   Next: 56%
Magic:  19/19      EV: 13    Int: 13    God:
Gold:   201        SH:  5    Dex: 13    Spells: 9/9 levels left

rFire   + . .      SeeInvis +   Y - +4 broad axe (vorpal)
rCold   + . .      Faith    .   (no shield)
rNeg    . . .      Spirit   .   f - +0 ring mail
rPois   +          Reflect  +   (helmet restricted)
rElec   .          Harm     .   (no cloak)
rCorr   .          Rampage  .   h - +2 pair of gloves of Marbles {rC+}
Will    .....                   (boots unavailable)
Stlth   +.........              b - amulet of Lilacs {Reflect rPois Will- MP+9 SH+5 SInv}
HPRegen 0.11/turn               o - ring of protection from fire
MPRegen 0.16/turn               (no ring)

@: flying quickly and evasively, quick
A: beak, talons 3, nimble flight
a: no special abilities


You were on level 4 of the Dungeon.
You visited 1 branch of the dungeon, and saw 4 of its levels.

You collected 201 gold pieces.


Innate Abilities, Weirdness & Mutations

You have a beak for a mouth.
You have claws for feet.
Your magical nature lets you fly swiftly and evasively.


   Skills:
 + Level 2.2 Fighting
 - Level 7.3 Axes
 - Level 1.0 Throwing
 - Level 1.1 Armour
 - Level 2.1 Dodging
 - Level 2.0 Spellcasting
 - Level 2.4 Translocations


You had 9 spell levels left.
You didn't know any spells.
Your spell library contained the following spells:

 Spells                   Type           Power      Damage    Failure   Level
 Blink                    Tloc           14%        N/A       30%         2
 Gell's Gravitas          Tloc           7%         N/A       52%         3
 Lesser Beckoning         Tloc           7%         N/A       52%         3
 Teleport Other           Tloc           7%         N/A       52%         3
 Manifold Assault         Tloc           7%         N/A       99%         5

Inventory:

Hand Weapons
 l - a +0 vampiric whip
 Y - a +4 vorpal broad axe (weapon)
Armour
 f - a +0 ring mail (worn)
 h - the +2 pair of gloves of Marbles (worn) {rC+}
   (You acquired it on level 1 of the Dungeon)

   rC:        It protects you from cold.
Jewellery
 b - the amulet of Lilacs (around neck) {Reflect rPois Will- MP+9 SH+5 SInv}
   (You acquired it on level 1 of the Dungeon)

   [amulet of reflection]

   It reflects blocked missile attacks.
   rPois:     It protects you from poison.
   MP:        It affects your magic capacity (+9).
   SInv:      It lets you see invisible.
   SH:        It affects your SH (+5).
   Will:      It decreases your willpower.
 c - a ring of resist corrosion
 e - a ring of see invisible
 o - a ring of protection from fire (left hand)
 p - the ring "Niaxt" {Fire +Blink rPois Str-4 Int+3}
   (You found it on level 3 of the Dungeon)

   [ring of fire]

   It enhances your fire magic.
   Str:       It affects your strength (-4).
   Int:       It affects your intelligence (+3).
   rF:        It protects you from fire.
   rC:        It makes you vulnerable to cold.
   rPois:     It protects you from poison.
   +Blink:    It lets you blink.
Scrolls
 a - a scroll of identify
 g - a scroll of silence {unknown}
Potions
 d - a potion of haste
 i - a potion of heal wounds
 j - a potion of curing
 m - a potion of invisibility {unknown}
 n - a potion of lignification {unknown}

Dungeon Overview and Level Annotations

Branches:
Dungeon (4/15)
 Temple: D:4-7

Altars:
Fedhas

Annotations:
D:2 1 runed translucent door, Crazy Yiuf
D:4 Natasha


Message History

A jackal comes into view.
You hear a shout!
4322 ||| Stepping ~*~*~tactically~*~*~ (hiding).
The gnoll shouts!
4323 ||| Stepping ~*~*~tactically~*~*~ (hiding).
You slice the jackal!!
You kill the jackal!
Natasha, Servant of Life and Death comes into view.
4326 ||| Stepping ~*~*~tactically~*~*~ (hiding).
You block the gnoll's attack. The gnoll misses you.
You hit the gnoll. You claw the gnoll!
The gnoll is severely wounded.
The gnoll hits you with a +0 flail.
The gnoll hits you from afar with a +0 halberd!
You barely miss the gnoll. You claw the gnoll.
You kill the gnoll!
You completely miss the jackal.
The jackal bites you but does no damage.
The gnoll closely misses you. The jackal closely misses you.
You closely miss Natasha. You claw Natasha.
Natasha is heavily wounded.
You barely miss the jackal. Natasha claws you!
The jackal bites you but does no damage.
You block the gnoll's attack. You block Natasha's attack.
You completely miss Natasha. You claw Natasha, but do no damage.
Natasha is heavily wounded.
You slash the jackal!
You kill the jackal!
A jackal comes into view.
The gnoll hits you from afar with a +0 halberd.
Natasha barely misses you.
The jackal barks!
You hit Natasha. You claw Natasha.
Natasha is almost dead.
You hit the gnoll but do no damage.
You hear a shout! x2
The gnoll hits you with a +0 whip.
The gnoll hits you from afar with a +0 halberd!
You die...

# h.g# # .h#
# .g### #
.g..# ####
### #...###..
###..# #...
#...'...
#.#.##
##.#.####g..#
#.#.##
#......@hh..#
#.#.#
#.......g.#.#
#.#.#
#.........# #
#.#.#
#.........#
....#.#.#
#.........#
#..##.#.##
#.........#
#..##.#.##
#.........#
#..##...##
#.........#
#..8##..#
######.####
###..# #..##


You could see Natasha, 2 gnolls and a jackal.

Vanquished Creatures
  Eustachio (D:4)
  A phantom (D:4)
  Natasha (D:4)
  2 adders
  A gnoll (D:4)
  A worm (D:3)
  An orc (D:4)
  5 endoplasms
  4 giant cockroaches
  3 goblins
  5 hobgoblins
  7 jackals
  6 quokkas
  5 ball pythons
  5 bats
  4 frilled lizards
  8 kobolds
  7 rats
67 creatures vanquished.

Notes
Turn   | Place    | Note
-------+----------+-------------------------------------------
     0 | D:1      | qw the Tengu Warper began the quest for the Orb.
     0 | D:1      | Reached XP level 1. HP: 12/12 MP: 4/4
     0 | D:1      | 0 ||| qw: Version: 0.1-a-89-g26bdef1
     0 | D:1      | 0 ||| qw: Game counter: 737
     0 | D:1      | 0 ||| qw: Always use a shield: true
     0 | D:1      | 0 ||| qw: God list: Okawaru
     0 | D:1      | 0 ||| qw: Allow faded altars: false
     0 | D:1      | 0 ||| qw: Do Orc after D:15 true
     0 | D:1      | 0 ||| qw: Do second Lair branch before Depths: true
     0 | D:1      | 0 ||| qw: Lair rune preference: random
     0 | D:1      | 0 ||| qw: Plans: Normal
     0 | D:1      | 0 ||| PLANNING D:1-11
    90 | D:1      | Reached skill level 3 in Axes
    90 | D:1      | Reached XP level 2. HP: 9/17 MP: 6/6
   130 | D:1      | HP: 3/17 [quokka (4)]
   265 | D:1      | 265 ||| Stepping ~*~*~tactically~*~*~ (stealth).
   271 | D:1      | 271 ||| Stepping ~*~*~tactically~*~*~ (stealth).
   272 | D:1      | 272 ||| Stepping ~*~*~tactically~*~*~ (stealth).
   274 | D:1      | 274 ||| Stepping ~*~*~tactically~*~*~ (stealth).
   275 | D:1      | 275 ||| Stepping ~*~*~tactically~*~*~ (stealth).
   279 | D:1      | 279 ||| Stepping ~*~*~tactically~*~*~ (stealth).
   280 | D:1      | 280 ||| Stepping ~*~*~tactically~*~*~ (stealth).
   281 | D:1      | 281 ||| Stepping ~*~*~tactically~*~*~ (stealth).
   283 | D:1      | 283 ||| Stepping ~*~*~tactically~*~*~ (stealth).
   284 | D:1      | 284 ||| Stepping ~*~*~tactically~*~*~ (stealth).
   285 | D:1      | 285 ||| Stepping ~*~*~tactically~*~*~ (stealth).
   297 | D:1      | 297 ||| Stepping ~*~*~tactically~*~*~ (stealth).
   328 | D:1      | 328 ||| Stepping ~*~*~tactically~*~*~ (stealth).
   329 | D:1      | 329 ||| Stepping ~*~*~tactically~*~*~ (stealth).
   339 | D:1      | 339 ||| Stepping ~*~*~tactically~*~*~ (stealth).
   341 | D:1      | 341 ||| Stepping ~*~*~tactically~*~*~ (stealth).
   342 | D:1      | 342 ||| Stepping ~*~*~tactically~*~*~ (stealth).
   355 | D:1      | 355 ||| Stepping ~*~*~tactically~*~*~ (stealth).
   423 | D:1      | 423 ||| DROPPING +0 club.
   511 | D:1      | 511 ||| Stepping ~*~*~tactically~*~*~ (stealth).
   693 | D:1      | HP: 4/17 [jackal (3)]
   695 | D:1      | HP: 1/17 [jackal (3)]
   713 | D:1      | 713 ||| Stepping ~*~*~tactically~*~*~ (stealth).
   957 | D:1      | Reached XP level 3. HP: 17/21 MP: 7/7
  1008 | D:1      | Found a faded altar of an unknown god.
  1126 | D:1      | You fall into a shaft and drop 1 floor!
  1136 | D:2      | 1136 ||| UPGRADING to +0 ring mail.
  1146 | D:2      | 1146 ||| DROPPING +0 leather armour.
  1147 | D:2      | 1147 ||| READING 2 scrolls labelled WOECKE MURCH.
  1148 | D:2      | 1148 ||| DROPPING scroll of blinking.
  1405 | D:1      | Reached skill level 4 in Axes
  1648 | D:1      | 1648 ||| UPGRADING to ring of see invisible.
  1649 | D:1      | 1649 ||| READING scroll labelled IJYMES NELU.
  1650 | D:1      | 1650 ||| READING 3 scrolls labelled USEAGA XUOTTUS.
  1650 | D:1      | Identified 3 scrolls of acquirement
  1650 | D:1      | 1650 ||| ACQUIRING amulet of Lilacs {Reflect rPois Will-
                  | MP+9 SH+5 SInv}
  1650 | D:1      | Acquired the amulet of Lilacs {Reflect rPois Will- MP+9
                  | SH+5 SInv}
  1652 | D:1      | 1652 ||| UPGRADING to amulet of Lilacs {Reflect rPois Will-
                  | MP+9 SH+5 SInv}.
  1657 | D:1      | 1657 ||| REMOVING ring of see invisible.
  1658 | D:1      | 1658 ||| READING 2 scrolls of acquirement.
  1658 | D:1      | 1658 ||| ACQUIRING +2 pair of gloves of Marbles {rC+}
  1658 | D:1      | Acquired the +2 pair of gloves of Marbles {rC+}
  1660 | D:1      | 1660 ||| UPGRADING to +2 pair of gloves of Marbles {rC+}.
  1665 | D:1      | 1665 ||| READING scroll of acquirement.
  1665 | D:1      | 1665 ||| ACQUIRING +4 vorpal broad axe
  1665 | D:1      | Acquired a +4 vorpal broad axe
  1667 | D:1      | 1667 ||| SWAPPING to +4 vorpal broad axe.
  1668 | D:1      | 1668 ||| DROPPING +0 hand axe.
  1803 | D:2      | 1803 ||| Stepping ~*~*~tactically~*~*~ (stealth).
  1804 | D:2      | 1804 ||| Stepping ~*~*~tactically~*~*~ (stealth).
  1858 | D:2      | 1858 ||| Stepping ~*~*~tactically~*~*~ (stealth).
  1984 | D:2      | Found a runed translucent door.
  1985 | D:2      | Noticed Crazy Yiuf
  2093 | D:2      | 2093 ||| Stepping ~*~*~tactically~*~*~ (hiding).
  2808 | D:2      | 2808 ||| UPGRADING to ring of protection from fire.
  2809 | D:2      | 2809 ||| READING scroll labelled DEUDUDY IJAWN.
  2852 | D:2      | 2852 ||| READING 2 scrolls labelled LUGHIN HOFUTI.
  2853 | D:2      | 2853 ||| DROPPING scroll of fear.
  2906 | D:3      | Reached XP level 4. HP: 26/26 MP: 8/8
  2995 | D:3      | 2995 ||| DROPPING +0 whip.
  3057 | D:3      | Identified the +6 dagger "Bumiy" {freeze, Dex+3}
  3211 | D:3      | Reached skill level 5 in Axes
  3297 | D:3      | Identified the ring "Niaxt" {Fire +Blink rPois Str-4 Int+3}
  3625 | D:3      | 3625 ||| DROPPING amulet of magic regeneration.
  3626 | D:3      | 3626 ||| READING 2 scrolls labelled XIOWNU XE LEI.
  3627 | D:3      | 3627 ||| READING scroll labelled ASSANE MUCUE.
  3628 | D:3      | 3628 ||| DRINKING 2 inky potions.
  3629 | D:3      | 3629 ||| READING 3 scrolls of identify.
  3629 | D:3      | 3629 ||| IDENTIFYING bubbling sapphire potion
  3630 | D:3      | 3630 ||| READING 2 scrolls of identify.
  3630 | D:3      | 3630 ||| IDENTIFYING purple potion
  3631 | D:3      | 3631 ||| DROPPING scroll of vulnerability.
  3632 | D:3      | 3632 ||| DROPPING potion of flight.
  3707 | D:4      | Found a blossoming altar of Fedhas.
  3729 | D:4      | Noticed an oklob plant
  3788 | D:4      | Noticed a phantom
  3797 | D:4      | Killed a phantom
  3798 | D:4      | Reached skill level 6 in Axes
  3798 | D:4      | Gained mutation: Your magical nature lets you fly swiftly
                  | and evasively. [Tengu growth]
  3798 | D:4      | Reached XP level 5. HP: 26/30 MP: 9/9
  3836 | D:4      | Noticed Natasha
  3837 | D:4      | 3837 ||| FLEEEEING.
  3838 | D:4      | 3838 ||| FLEEEEING.
  3843 | D:4      | 3843 ||| FLEEEEING.
  3844 | D:4      | 3844 ||| FLEEEEING.
  3845 | D:4      | 3845 ||| FLEEEEING.
  3846 | D:4      | 3846 ||| FLEEEEING.
  3855 | D:4      | 3855 ||| FLEEEEING.
  3856 | D:4      | 3856 ||| FLEEEEING.
  3857 | D:4      | 3857 ||| FLEEEEING.
  3858 | D:4      | 3858 ||| FLEEEEING.
  3859 | D:4      | 3859 ||| FLEEEEING.
  3866 | D:4      | 3866 ||| FLEEEEING.
  3867 | D:4      | 3867 ||| FLEEEEING.
  3868 | D:4      | 3868 ||| FLEEEEING.
  3869 | D:4      | 3869 ||| FLEEEEING.
  3870 | D:4      | 3870 ||| FLEEEEING.
  3871 | D:4      | 3871 ||| Stepping ~*~*~tactically~*~*~ (hiding).
  3875 | D:4      | Killed Natasha
  4054 | D:4      | Noticed Eustachio
  4076 | D:4      | Killed Eustachio
  4077 | D:4      | Reached skill level 7 in Axes
  4077 | D:4      | Reached XP level 6. HP: 12/35 MP: 10/10
  4322 | D:4      | 4322 ||| Stepping ~*~*~tactically~*~*~ (hiding).
  4323 | D:4      | 4323 ||| Stepping ~*~*~tactically~*~*~ (hiding).
  4325 | D:4      | Noticed Natasha
  4326 | D:4      | 4326 ||| Stepping ~*~*~tactically~*~*~ (hiding).
  4332 | D:4      | Slain by a gnoll

Levels and vault maps discovered:
D:1:      tarquinn_simple_flora_water_f, layout_basic, basic_ecumenical_altar,
          minmay_misc_feat_tiny
D:2:      layout_loops_corners, wad_floor_pattern_untrapped, item_on_display_a,
          uniq_crazy_yiuf_cottage
D:3:      layout_basic, minmay_pentomino_pile
D:4:      layout_basic, grunt_qazlal_sundering, tgw_fedhas, serial_corexii_hall,
          corexii_hall_statues_x, chequers_hall_statues_wall_a, chequers_jeans,
          uniq_pikel, uniq_natasha, uniq_eustachio, uniq_grinder, uniq_robin

Skill      XL: |  1  2  3  4  5 |
---------------+----------------+-----
Axes           | 3 4 6 7 |  7.3
Fighting       | |  2.2
Throwing       | |  1.0
Armour         | |  1.1
Dodging        | |  2.1
Spellcasting   | |  2.0
Translocations | |  2.4

Action                   |  1- 3 |  4- 6 || total
-------------------------+-------+-------++-------
Melee: Hand axe          |    60 |       ||    60
       Kick              |    13 |    14 ||    27
       Peck              |     6 |     9 ||    15
       Broad axe         |    33 |    57 ||    90
       Punch             |       |     1 ||     1
Throw: Boomerang         |    11 |     5 ||    16
  Use: Scroll            |     7 |     4 ||    11
       Potion            |       |     1 ||     1
Armor: Leather armour    |    16 |       ||    16
       Ring mail         |    19 |    42 ||    61
Dodge: Dodged            |    39 |    62 ||   101
Block: Other             |     2 |    20 ||    22

Table legend:
 A = Non-vault XP
 B = Vault XP
 C = Vault XP percentage of total XP
 D = Non-vault monster count
 E = Vault monster count
 F = Vault count percentage of total count
                 A         B        C        D         E       F
            +---------+---------+-------+---------+---------+-------
      Total |     251 |     235 |  48.4 |      62 |       5 |   7.5
            +---------+---------+-------+---------+---------+-------
        D:1 |      47 |       0 |   0.0 |      29 |       0 |   0.0
        D:2 |      33 |       0 |   0.0 |      14 |       0 |   0.0
        D:3 |      38 |       4 |   9.5 |      13 |       3 |  18.8
        D:4 |     133 |     231 |  63.5 |       6 |       2 |  25.0
            +---------+---------+-------+---------+---------+-------
